[Event "*** Titled Tuesday Blitz"]
[Site "Chess.com"]
[Date "2019.07.02"]
[Round "4"]
[White "dmosesov"]
[Black "ozates"]
[Result "1/2-1/2"]
[WhiteElo "2514"]
[BlackElo "2317"]
[TimeControl "180+2"]
[EndTime "13:53:42 PDT"]
[Termination "Game drawn - insufficient material"]

1. d4 d5 2. c4 c6 3. Nc3 Nf6 4. Nf3 e6 5. Bg5 Nbd7 6. e3 Qa5 7. Nd2 Bb4 8. Qc2 O-O 9. Be2 dxc4 10. Bxf6 Nxf6 11. Nxc4 Qg5 12. O-O c5 13. a3 Bxc3 14.
bxc3 cxd4 15. cxd4 Bd7 16. f4 Qg6 17. Bd3 Qh5 18.
Be2 Qg6 19. Qxg6 hxg6 20. Rfc1 Bc6 21. Ne5 Bd5 22. Rc7 Rac8 23. Rac1 Rxc7 24. Rxc7 a5 25. Bb5 Ne8 26. Bxe8 Rxe8 27. Nxf7 b5 28. Ne5 b4 29. axb4 axb4 30. Nc6 b3 31. Ne7+ Kh7 32. Nxd5 exd5 33. Kf2 Rb8 34. Rc1 b2 35. Rb1 Rb3 36. g3 Kg8 37. Ke2 Kf7 38. Kd2 Kf6 39.
Kc2 Rxe3 40. Rxb2 Re2+ 41. Kc3 Rxb2 42. Kxb2 Kf5 43. Kc3 Ke4 44. h3 Ke3 45. g4 Kxf4 46. Kb4 Ke3 47. Kc5 Ke4 48. h4 g5 49. h5 Kf4 50. Kxd5 Kxg4 51. Ke5 Kxh5 52. d5 g4 53.
Kf4 Kg6 54. Kxg4 Kf6 55. d6 Ke6 56. Kg5 Kxd6 57. Kg6 Ke6 58. Kxg7 1/2-1/2

[Event "*** Titled Tuesday Blitz"]
[Site "Chess.com"]
[Date "2019.07.02"]
[Round "4"]
[White "ruzomberok"]
[Black "DenishevM"]
[Result "1/2-1/2"]
[WhiteElo "2412"]
[BlackElo "2598"]
[TimeControl "180+2"]
[EndTime "13:53:42 PDT"]
[Termination "Game drawn - insufficient material"]

1. Nf3 Nf6 2. c4 c5 3. g3 g6 4. Bg2 Bg7 5. Nc3 O-O 6. d4 d6 7. O-O Nc6 8. dxc5 dxc5 9. Be3 Nd7 10. Qd2 Qa5 11. Rfd1 Rb8 12. Bh6 Nf6 13. Bf4 Ra8 14. Nd5 Qxd2 15. Rxd2 Nxd5 16. cxd5 Nd4 17. Rc1 Bf5 18.
Rxc5 Nxf3+ 19. Bxf3 Rac8 20. Rxc8 Rxc8 21. Kg2 b6 22. e4 Bd7 23. e5 Kf8 24. h4 h6 25.
Be4 g5 26. hxg5 hxg5 27. Bxg5 Bxe5 28. Bh6+ Kg8 29. b3 Rc3 30. Rc2 f6 31. Rxc3 Bxc3 32.
Be3 Kf7 33. Kf3 Bb5 34. Bf5 Bb4 35. Be6+ Ke8 36. g4 Bd6 37. g5 fxg5 38. Bxg5 Kf8 39. Be3 Bd3 40. Bd4 Bb1 41. a3 Bxa3 42. Ke2 Bc2 43.
d6 Bxd6 44. Kd2 Be4 45. Ke3 Bc6 46. f4 Bc7 47. f5 a5 48. f6 exf6 49. Bxf6 Bd6 50.
Kd3 Bb5+ 51. Bc4 Bd7 52. Bd4 Bc7 53. Kc3 Ke7 54. b4 a4 55. b5 Be6 56. Bxe6 Kxe6 57. Kb4 Kd6 58. Kxa4 Kd5 59. Bxb6 Bxb6 60. Kb3 Kc5 61. Kc2 Kxb5 1/2-1/2

[Event "*** Titled Tuesday Blitz"]
[Site "Chess.com"]
[Date "2019.07.02"]
[Round "4"]
[White "Olga_Zhuravleva"]
[Black "Roenko_Artur"]
[Result "1-0"]
[WhiteElo "2145"]
[BlackElo "2237"]
[TimeControl "180+2"]
[EndTime "13:53:44 PDT"]
[Termination "Olga_Zhuravleva won by resignation"]

1. e4 e6 2. d4 d5 3. Nd2 Nc6 4. c3 e5 5. Ngf3 exd4 6. cxd4 Bb4 7. e5 Bg4 8. Qa4 Ne7 9. Bb5 O-O 10. O-O a6 11. Bxc6 Nxc6 12. h3 Bh5 13. a3 Ba5 14. b4 Bb6 15. Bb2 f6 16. Rfe1 fxe5 17. dxe5 Ne7 18. e6 d4 19. Qb3 Qd6 20. Ne4 Qf4 21. Ng3 Bxf3 22. Qxf3 Qxf3 23. gxf3 Rxf3 24. Kg2 Rf6 25.
Rad1 Rd8 26. Re4 Rd6 27. Bxd4 Bxd4 28. Rdxd4 Rxd4 29. Rxd4 Rxe6 30. Rd8+ Kf7 31. Rd7 Rc6 32. Ne4 Rc2 33. Nc5 b6 34. Nxa6 Ke6 35. Rxc7 Ra2 36.
Rc3 Nd5 37. Rf3 Ke5 38. Nb8 Nf4+ 39. Kg3 Ne2+ 40. Kg4 Nd4 41. Re3+ Kf6 42. Nd7+ Kf7 43. Nxb6 Rxf2 44. Nc4 Rf6 45. Ne5+ Kg8 46. Nd7 h5+ 47. Kxh5 Rf7 48. Re8+ Kh7 49. Nf8+ Kg8 50. Ng6+ 1-0

[Event "*** Titled Tuesday Blitz"]
[Site "Chess.com"]
[Date "2019.07.02"]
[Round "4"]
[White "Grootneus"]
[Black "CMS13"]
[Result "1/2-1/2"]
[WhiteElo "2162"]
[BlackElo "2085"]
[TimeControl "180+2"]
[EndTime "13:53:49 PDT"]
[Termination "Game drawn by agreement"]

1. e4 e5 2. Nf3 Nc6 3. Bb5 a6 4. Ba4 Nf6 5. d3 d6 6. c3 Bd7 7. O-O g6 8. Nbd2 Bg7 9. d4 O-O 10. Re1 b5 11. Bc2 Nh5 12. Nf1 Bg4 13. d5 Ne7 14. a4 Bd7 15. axb5 axb5 16. Rxa8 Qxa8 17.
Be3 f5 18. Qa1 fxe4 19. Bxe4 Nf4 20. Bxf4 exf4 21. Ng5 Qxa1 22. Rxa1 b4 23. cxb4 Bxb2 24.
Re1 Nf5 25. Ne6 Bxe6 26. dxe6 Re8 27. Rb1 Bc3 28. Rc1 Bxb4 29. Rxc7 Re7 30. Rc4 Bc5 31. Bxf5 gxf5 32. Rxf4 Rxe6 33. Rxf5 Kg7 34. g3 Re2 35.
Kg2 Kg6 36. g4 h5 37. h3 hxg4 38. hxg4 Bb6 39. Ng3 Rd2 40. Ne4 Rd4 41. f3 d5 42.
Rf6+ Kg7 43. Rxb6 dxe4 44. f4 Rd2+ 45. Kg3 Rd3+ 46. Kg2 Rd2+ 47. Kf1 e3 48. Rb4 Rf2+ 49.
Ke1 Rg2 50. g5 Kg6 51. Re4 Kf5 52. Rxe3 Kxf4 53. Re8 Rxg5 54. Rf8+ 1/2-1/2

[Event "*** Titled Tuesday Blitz"]
[Site "Chess.com"]
[Date "2019.07.02"]
[Round "4"]
[White "Margency"]
[Black "Artur0208"]
[Result "0-1"]
[WhiteElo "2630"]
[BlackElo "2759"]
[TimeControl "180+2"]
[EndTime "13:53:50 PDT"]
[Termination "Artur0208 won by resignation"]

1. e4 e5 2. Nf3 Nc6 3. Bc4 Bc5 4. d3 Nf6 5. O-O O-O 6. h3 d5 7. exd5 Nxd5 8. Re1 Re8 9. Nbd2 Nb6 10. Bb3 Bd6 11. Ne4 Be6 12. Bxe6 Rxe6 13. a4 a5 14. Bd2 Qd7 15.
Qb1 Rg6 16. Nh4 Re6 17. Ng5 Rh6 18. Nhf3 Rg6 19. Nh4 Rh6 20. Ngf3 Rf6 21. Qa2 Re8 22. Bg5 Rfe6 23. Qb3 e4 24. dxe4 Rxe4 25. Rxe4 Rxe4 26. Be3 Nd5 27. Bd2 Be7 28. g3 Nb6 29. Bg5 Rb4 30.
Qe3 Bxg5 31. Nxg5 h6 32. Ne4 Qe6 33. Re1 Rxb2 34. Qd2 Qc4 35. Nc3 Qd4 36. Re8+ Kh7 37. Qe1 Rxc2 38. Ne4 Qc4 39. Nf5 Rc1 40. Qxc1 Qxc1+ 41.
Kg2 Qc4 42. g4 Qd5 43. f3 Qd7 44. Rf8 Nd4 45. Ne3 Nd5 46. Nc4 Nf4+ 47. Kg3 Nde2+ 48. Kf2 Qd4+ 49. Ne3 Nc3 50. Nxc3 Qxc3 0-1

[Event "*** Titled Tuesday Blitz"]
[Site "Chess.com"]
[Date "2019.07.02"]
[Round "4"]
[White "2nd_life"]
[Black "lavr92"]
[Result "1-0"]
[WhiteElo "2489"]
[BlackElo "2606"]
[TimeControl "180+2"]
[EndTime "13:53:51 PDT"]
[Termination "2nd_life won by resignation"]

1. e4 e5 2. f4 exf4 3. Nf3 g5 4. h4 g4 5. Ne5 d6 6. Nxg4 Nf6 7. Nxf6+ Qxf6 8.
Nc3 c6 9. d4 Rg8 10. Qf3 Bh6 11. Qf2 Bg4 12. Be2 Nd7 13. Rf1 Bxe2 14. Nxe2 O-O-O 15. Bxf4 Bxf4 16. Qxf4 Qxf4 17. Rxf4 Rxg2 18. Rxf7 Rh2 19.
Rf2 Rh1+ 20. Rf1 Rxh4 21. Nc3 Rh8 22. O-O-O h5 23. Rde1 Rh2 24. e5 dxe5 25. dxe5 Re8 26. e6 Nc5 27. e7 Kd7 28. Rf7 Ne6 29. Rd1+ Kc7 30. Ne4 Ng5 31. Nxg5 Re2 32. Rh1 R8xe7 33. Rxe7+ Rxe7 34. Rxh5 Re5 35. Rh7+ Kb6 36. Nf7 Rd5 37. Rh3 a5 38. Re3 Ka6 39. Ne5 a4 40. c3 c5 41. Kc2 b5 42. c4 Rd6 43. cxb5+ Kxb5 44. Nd3 c4 45. Re5+ Kb6 46. Nc5 a3 47. bxa3 Rc6 48. Na4+ Ka6 49. Nc3 Rh6 50. a4 Rh2+ 51. Ne2 Rh3 52. Re4 Ra3 53. Nc3 Kb6 54. Kb2 1-0

[Event "*** Titled Tuesday Blitz"]
[Site "Chess.com"]
[Date "2019.07.02"]
[Round "4"]
[White "Aknok"]
[Black "Chesstrainer1"]
[Result "0-1"]
[WhiteElo "2360"]
[BlackElo "2402"]
[TimeControl "180+2"]
[EndTime "13:53:54 PDT"]
[Termination "Chesstrainer1 won by resignation"]

1. d4 Nf6 2. c4 g6 3. Nc3 Bg7 4. e4 d6 5. Nf3 O-O 6. Be2 Nbd7 7. O-O e5 8. dxe5 dxe5 9. b4 c6 10. Bb2 Qe7 11. c5 Rd8 12. Qc2 Nf8 13. Rad1 Bg4 14. Rxd8 Rxd8 15. Rd1 Bxf3 16. Bxf3 Ne6 17. Ne2 Rxd1+ 18. Qxd1 Ng5 19. Qd3 Bf8 20. h4 Nxf3+ 21. Qxf3 a5 22. a3 axb4 23. axb4 Nd7 24. h5 b6 25. cxb6 Qxb4 26. hxg6 hxg6 27. Bc3 Qxb6 28.
Qg4 Nf6 29. Qg5 Qxf2+ 30. Kh2 Bg7 31. Ng3 Qf4 32. Bd2 Qxg5 33. Bxg5 Nd7 34. Kg1 f6 35. Bc1 Bf8 36. Kf2 Kf7 37. Ke2 Ke6 38. Kd3 Nc5+ 39.
Kc4 Nd7 40. Nf1 f5 41. exf5+ gxf5 42. Ne3 Bh6 43. Bd2 Bxe3 44. Bxe3 f4 45. Bc1 Kf5 46. Kd3 Nf6 47. Ke2 Kg4 48. Kf1 e4 49. Bb2 Nd5 50.
Bd4 f3 51. gxf3+ Kxf3 52. Ke1 e3 53. Bc5 Nf4 54. Bb4 Nd3+ 0-1

[Event "*** Titled Tuesday Blitz"]
[Site "Chess.com"]
[Date "2019.07.02"]
[Round "4"]
[White "EndgameGrinder"]
[Black "Misha_Bilous"]
[Result "1-0"]
[WhiteElo "2584"]
[BlackElo "2387"]
[TimeControl "180+2"]
[EndTime "13:53:55 PDT"]
[Termination "EndgameGrinder won by checkmate"]

1. e4 c5 2. Nf3 d6 3. d4 cxd4 4.
Nxd4 Nf6 5. Nc3 a6 6. Bg5 Nbd7 7. Qe2 h6 8. Bh4 g6 9. f4 e5 10. fxe5 dxe5 11. O-O-O Qc7 12. Nb3 b5 13. Nd5 Nxd5 14. exd5 Bd6 15. Qd2 Kf8 16. g4 a5 17. Kb1 a4 18. Nc1 a3 19. b3 b4 20. Bb5 Nb6 21.
Bc6 Bb7 22. Rhf1 Ra5 23. Qf2 Nxd5 24. Bxd5 Rxd5 25. Rxd5 Bxd5 26. Bf6 Rh7 27. Nd3 Be4 28. Qd2 h5 29. g5 h4 30. Nxb4 h3 31. Nd5 Qc6 32. Ne3 Rh4 33. Nc4 Bc7 34. Qb4+ Kg8 35. Qxa3 Rf4 36. Rd1 Bd5 37. Nxe5 Bxe5 38. Bxe5 Rf2 39.
Rc1 Be4 40. Qe7 Bxc2+ 41. Ka1 Kh7 42. Qf8 f6 43. Qf7+ Kh8 44. Qf8+ Kh7 45. Qf7+ Kh8 46. Bxf6+ Rxf6 47. Qxf6+ Qxf6+ 48. gxf6 Bf5 49. b4 Kg8 50. b5 Kf7 51. b6 Kxf6 52. b7 Kg5 53. b8=Q Kg4 54. Qg3+ Kh5 55. Rc5 g5 56. Rxf5 Kh6 57.
Qxg5+ Kh7 58. Rf7+ Kh8 59. Qg7# 1-0

[Event "*** Titled Tuesday Blitz"]
[Site "Chess.com"]
[Date "2019.07.02"]
[Round "4"]
[White "Th3ChessViking"]
[Black "LaughingTiger"]
[Result "1-0"]
[WhiteElo "2455"]
[BlackElo "2307"]
[TimeControl "180+2"]
[EndTime "13:53:57 PDT"]
[Termination "Th3ChessViking won by checkmate"]

1. d4 Nf6 2. Nf3 g6 3. Bf4 Bg7 4. e3 O-O 5. h3 d6 6. Be2 b6 7. O-O Bb7 8. a4 Nbd7 9. Bh2 a6 10. c3 Qe8 11. Re1 e5 12. Na3 Rd8 13. Bf1 Ne4 14. Rc1 f5 15. b4 Qe7 16. c4 Ng5 17. Nxg5 Qxg5 18. Qb3 Kh8 19. c5 dxc5 20. bxc5 Be4 21. c6 Nf6 22. Bxe5 Nh5 23. Nc4 Bxe5 24. Nxe5 f4 25.
exf4 Nxf4 26. Rxe4 Nxg2 27. Bxg2 Qxc1+ 28. Bf1 Qg5+ 29. Rg4 Qf5 30. Qe3 Rd6 31. Bd3 Qf6 32. Rg3 Qg7 33. Rf3 Rdf6 34. Rxf6 Rxf6 35. Be4 Re6 36. f4 h6 37. Kg2 h5 38. Qg3 Kh7 39. Qg5 Rf6 40.
Qxh5+ Kg8 41. Qg5 b5 42. axb5 axb5 43. Ng4 Rd6 44. d5 Qb2+ 45. Kf3 Qc3+ 46. Ne3 Qg7 47. h4 b4 48. f5 Rf6 49. Ng4 Rf8 50. f6 Qf7 51.
Nh6+ Kh7 52. Nxf7 Rxf7 53. Qxg6+ Kh8 54. Qxf7 b3 55. h5 b2 56. h6 b1=Q 57. Qg7# 1-0

[Event "*** Titled Tuesday Blitz"]
[Site "Chess.com"]
[Date "2019.07.02"]
[Round "4"]
[White "Gubajdullin"]
[Black "ram1zan"]
[Result "0-1"]
[WhiteElo "2601"]
[BlackElo "2783"]
[TimeControl "180+2"]
[EndTime "13:53:58 PDT"]
[Termination "ram1zan won by resignation"]

1. d4 Nf6 2. Bf4 d5 3. e3 c5 4.
c3 Nc6 5. Nd2 Bf5 6. Qb3 Qb6 7.
dxc5 Qxb3 8. axb3 e5 9. Bg3 Bxc5 10. b4 Bd6 11. Ngf3 Nh5 12. b5 Nxg3 13. bxc6 Nxh1 14. cxb7 Rb8 15. Rxa7 O-O 16. Bb5 Bc5 17. Ra2 Rxb7 18.
Bc6 Ra7 19. Rxa7 Bxa7 20. Bxd5 Rd8 21. c4 Be6 22. Bxe6 fxe6 23. b4 Kf8 24. Nxe5 Nxf2 25. Nc6 Nd3+ 26. Ke2 Rd7 27. Nb3 Nb2 28. c5 Na4 29.
Nba5 Nc3+ 30. Kf3 Rf7+ 31. Kg4 Ke8 32. Nd4 Nd5 33. Nac6 Nxe3+ 34. Kh3 Nd5 35. Nxe6 Kd7 36. Ncd8 Re7 37. c6+ Kd6 38. Ng5 Nxb4 39. Nxh7 Nxc6 40. Nxc6 Kxc6 41. Kg4 Kd6 42. Kf5 Re2 43. g4 Rxh2 44.
Kg6 Bd4 45. Ng5 Kd5 46. Nf7 Rg2 47. g5 Ke6 48. Nd8+ Kd7 49. Nf7 Ke7 50. Nh8 Ba1 51.
Nf7 Bf6 52. Nh8 Rxg5+ 53. Kh7 Rh5+ 54. Kg8 Rxh8+ 55. Kxh8 g5+ 0-1

[Event "*** Titled Tuesday Blitz"]
[Site "Chess.com"]
[Date "2019.07.02"]
[Round "4"]
[White "STARMATEcc"]
[Black "WeAintSurePal"]
[Result "1-0"]
[WhiteElo "2545"]
[BlackElo "2326"]
[TimeControl "180+2"]
[EndTime "13:53:58 PDT"]
[Termination "STARMATEcc won by resignation"]

1. e4 c6 2. Nc3 d5 3. Nf3 dxe4 4. Nxe4 Nf6 5. Nxf6+ exf6 6. d4 Bd6 7. c3 O-O 8. Bd3 Re8+ 9. Be3 Nd7 10. Qc2 Nf8 11.
O-O-O Be6 12. c4 b5 13. d5 cxd5 14. c5 Rc8 15. Kb1 a6 16. Rc1 Be5 17. Rhd1 d4 18.
Nxd4 Bxd4 19. Bxd4 Ng6 20. Be3 Qa5 21. b3 Red8 22. c6 Rxd3 23. Qxd3 Ne5 24. Qd4 h6 25.
c7 Kh7 26. Kb2 b4 27. Bd2 Qa3+ 28. Ka1 Bxb3 29. Qb2 Qxb2+ 30. Kxb2 Bxd1 31. Rxd1 Rxc7 32. Bxb4 Rb7 33. Kc3 Kg6 34. Rd6 Rc7+ 35. Kb3 Nc6 36. Bc3 Rb7+ 37. Ka4 Rc7 38. h3 Kf5 39. Bb2 a5 40.
Bc3 Ne5 41. Bxa5 Ra7 42. Rd5 Ke6 43. Rb5 Nc4 44. Kb4 Nd6 45. Rb6 Kd5 46. a4 Re7 47. Kc3 Re4 48. Bb4 Re6 49. Rxd6+ Rxd6 50. Bxd6 Kxd6 51.
Kb4 Kc6 52. a5 f5 53. f4 g5 54. g3 f6 55. h4 h5 56. Kc4 Kb7 57. Kd5 gxf4 58.
gxf4 Ka6 59. Ke6 Kxa5 60. Kxf5 Kb5 61. Kxf6 Kc5 62. Kg6 Kd5 63. f5 Ke5 64. f6 Kf4 65. f7 Kg4 66. f8=Q Kxh4 67. Qf4+ Kh3 68. Kxh5 1-0

[Event "*** Titled Tuesday Blitz"]
[Site "Chess.com"]
[Date "2019.07.02"]
[Round "4"]
[White "BlueWizzard"]
[Black "wnstop"]
[Result "0-1"]
[WhiteElo "2708"]
[BlackElo "2675"]
[TimeControl "180+2"]
[EndTime "13:53:59 PDT"]
[Termination "wnstop won on time"]

1. d4 Nf6 2. Nf3 g6 3. Bg5 Bg7 4. e3 O-O 5. Bd3 d6 6. c3 c5 7. Nbd2 Nc6 8. O-O b6 9. d5 Ne5 10. Nxe5 dxe5 11. e4 Ne8 12. a4 Nd6 13. Qe2 a6 14. b4 h6 15. Be3 cxb4 16. cxb4 f5 17. f3 e6 18. a5 b5 19. Rac1 exd5 20. Bb6 Qf6 21. exd5 Bb7 22. Nb3 Bxd5 23. Nc5 Rf7 24. Qd2 Nc4 25. Bxc4 Bxc4 26. Rxc4 bxc4 27. Qd5 Re8 28.
Qxc4 e4 29. Nxa6 e3 30. Nc7 e2 31. Nxe8 exf1=Q+ 32. Kxf1 Qa1+ 33. Kf2 Qb2+ 34. Kg1 Qa1+ 35.
Kf2 Qb2+ 36. Kf1 Bc3 37. Qe6 Qc1+ 38. Kf2 Qd2+ 39. Kg3 Qe1+ 40. Qxe1 Bxe1+ 41. Kh3 Rf8 42. Nc7 Bxb4 43. a6 Bd6 44. Nb5 Be5 45. Bc7 Ra8 46.
Bxe5 Rxa6 47. Nd6 Kh7 48. f4 Ra3+ 49. g3 Ra2 0-1

[Event "*** Titled Tuesday Blitz"]
[Site "Chess.com"]
[Date "2019.07.02"]
[Round "4"]
[White "pr1105"]
[Black "NemtsevIgor"]
[Result "1-0"]
[WhiteElo "2212"]
[BlackElo "2293"]
[TimeControl "180+2"]
[EndTime "13:53:59 PDT"]
[Termination "pr1105 won by resignation"]

1. e4 c6 2. d4 d5 3. e5 c5 4.
dxc5 e6 5. a3 Bxc5 6. Nf3 Ne7 7.
b4 Bb6 8. Bb2 Nbc6 9. c4 dxc4 10.
Qxd8+ Bxd8 11. Bxc4 O-O 12. O-O b6 13. Nbd2 Bb7 14.
Rfe1 Ng6 15. h4 Nxh4 16. Nxh4 Bxh4 17. Ne4 Be7 18. Rad1 Rfd8 19. Nd6 Bxd6 20. exd6 Nb8 21. Re3 Nd7 22. Rg3 g6 23. Bb3 Rac8 24. Re3 Ba6 25.
Rd4 Bb7 26. Rd1 b5 27. f3 Nb6 28. Bf6 Rd7 29. Kf2 Bd5 30. Be7 Bxb3 31. Rxb3 Nc4 32. Rc3 Rc6 33. a4 a6 34. axb5 axb5 35. Ra1 Rc8 36. Ra6 Kg7 37. Rc1 f6 38. Rca1 Kf7 39. Ra7 Nb6 40. Rxd7 Nxd7 41. Ra7 Ne5 42. Kg3 g5 43.
Bd8+ Kg6 44. Bc7 Kf5 45. Rb7 h5 46. Rxb5 h4+ 47. Kf2 Ra8 48. Rc5 Ra2+ 49. Ke3 Rxg2 50. d7 Rg3 51. Rxe5+ fxe5 52. d8=Q g4 53. Qf8+ Kg6 54.
Qg8+ Kf5 55. Qf7+ Kg5 56. Qg7+ Kf5 57. Qxe5+ Kg6 58. Qxe6+ Kg5 59. Bxg3 hxg3 60. Qxg4+ 1-0

[Event "*** Titled Tuesday Blitz"]
[Site "Chess.com"]
[Date "2019.07.02"]
[Round "4"]
[White "Grischuk"]
[Black "ChessWeebs"]
[Result "0-1"]
[WhiteElo "3076"]
[BlackElo "2798"]
[TimeControl "180+2"]
[EndTime "13:54:00 PDT"]
[Termination "ChessWeebs won by resignation"]

1. e4 e6 2. d4 d5 3. e5 c5 4. c3 Nc6 5. Nf3 Bd7 6. a3 cxd4 7. cxd4 Nge7 8. Bd3 Qb6 9. Bc2 Rc8 10. O-O Na5 11.
Nc3 Nc4 12. Rb1 Nc6 13. h4 Be7 14. Re1 h6 15. h5 Qa6 16. Nh2 b5 17. Qg4 Bf8 18.
Nf3 b4 19. Ne2 Qb6 20. Rd1 Ne7 21. Bd3 Nf5 22. axb4 Qxb4 23. b3 Na3 24. Ra1 Nb5 25. Rb1 Na3 26. Rb2 Qb6 27. Bd2 Nb5 28. Ra2 Na3 29.
Rxa3 Bxa3 30. Bxf5 exf5 31. Qxg7 Rf8 32. Bxh6 Qxb3 33.
Ra1 Qb2 34. Rxa3 Qxa3 35. Nf4 Be6 36. Kh2 Qe7 37. Ng5 Kd7 38. Nh7 Rh8 39. Nf6+ Kc6 40. Bg5 Kb7 41. h6 Ka8 42. h7 Qf8 43. Nxe6 fxe6 44. Qd7 Qd8 45. Qxe6 Qc7 46. Qxf5 a5 47. Bf4 a4 48. e6 Qb7 49. Qd3 Rcf8 50. Be5 Rxf6 51. Bxf6 Qxh7+ 52. Qxh7 Rxh7+ 53. Kg3 a3 54. e7 Rxe7 55. Bxe7 a2 56. Bf6 a1=Q 57. f4 Qe1+ 58. Kh3 Qe6+ 0-1

[Event "*** Titled Tuesday Blitz"]
[Site "Chess.com"]
[Date "2019.07.02"]
[Round "4"]
[White "m3alam"]
[Black "Macron20hTF1"]
[Result "1-0"]
[WhiteElo "2364"]
[BlackElo "2240"]
[TimeControl "180+2"]
[EndTime "13:54:02 PDT"]
[Termination "m3alam won by resignation"]

1. Nf3 f5 2. d4 Nf6 3. g3 g6 4. Bg2 Bg7 5. O-O O-O 6. c4 d6 7. Nc3 Nc6 8. d5 Ne5 9. Nxe5 dxe5 10. Qb3 h6 11. Rd1 Kh8 12. a4 a6 13. a5 g5 14. Be3 Qe8 15. Qa3 Rg8 16. Bc5 Bf8 17. b4 f4 18. Qb2 Bf5 19. e4 Bd7 20. Nb1 Bg7 21. Nd2 g4 22. Qxe5 f3 23. Bf1 Nh7 24. Qxc7 Ng5 25. Ra3 Rc8 26. Qxb7 Qh5 27. Qxd7 Nh3+ 28.
Bxh3 Qxh3 29. Rxf3 Bf6 30. Rxf6 exf6 31. Bd4 Rcf8 32. c5 Qh5 33. Nf1 Rf7 34. Qd6 Qg6 35. Qf4 Kh7 36. c6 Re8 37. Nd2 f5 38. e5 Rd8 39. d6 Qe6 40. c7 Rc8 41. Bc5 Re8 42.
Nc4 Qd7 43. Nb6 Qc6 44. c8=Q Rxc8 45. Nxc8 Qa4 46. Rd2 Qa1+ 47. Kg2 Qa4 48. e6 Qc6+ 49. f3 Rf6 50. d7 Rxe6 51. Qxf5+ Kg7 52. Qxe6 Qxf3+ 53. Kg1 Qe3+ 54. Qxe3 1-0

[Event "*** Titled Tuesday Blitz"]
[Site "Chess.com"]
[Date "2019.07.02"]
[Round "4"]
[White "nitpicker"]
[Black "MathiasWomacka"]
[Result "0-1"]
[WhiteElo "2218"]
[BlackElo "2296"]
[TimeControl "180+2"]
[EndTime "13:54:03 PDT"]
[Termination "MathiasWomacka won on time"]

1. e4 c5 2. b4 cxb4 3. a3 d5 4. exd5 Nf6 5. c4 bxc3 6. Nxc3 Nxd5 7. Bb2 Nc6 8. Nf3 e5 9. Bc4 Nxc3 10. Bxc3 Bd6 11.
h4 Bg4 12. Qb3 O-O 13. Ng5 Qd7 14. f3 Bf5 15. g4 Nd4 16. Bxd4 exd4 17. gxf5 Bg3+ 18.
Kd1 Qxf5 19. Qd3 Qxd3 20. Bxd3 h6 21. Ne4 Bf4 22. Rg1 Rfc8 23. Nf6+ Kf8 24. Nd5 Bd6 25.
Nb4 Rc5 26. Rg4 h5 27. Rg5 Re8 28. Rxc5 Bxc5 29. Rc1 b6 30. Rc4 Re6 31. Nc2 Rf6 32. Nxd4 Bxa3 33. Ke2 Bc5 34. Nf5 g6 35. Ne3 Rd6 36. Re4 a5 37. Nc4 Rd4 38. Rxd4 Bxd4 39. Na3 Bf6 40. Nc4 Bxh4 41. Nxb6 Bd8 42. Na4 Ke7 43.
Bc4 f6 44. d4 g5 45. Nc5 g4 46.
fxg4 hxg4 47. Ke3 f5 48. Kf4 Kf6 49. Nd7+ Ke7 50. Ne5 Kf6 51. Bb5 Bc7 52. Ba4 Bb8 53.
Bd7 g3 0-1

[Event "*** Titled Tuesday Blitz"]
[Site "Chess.com"]
[Date "2019.07.02"]
[Round "4"]
[White "Firouzja2003"]
[Black "AndrewMaco"]
[Result "0-1"]
[WhiteElo "2937"]
[BlackElo "2599"]
[TimeControl "180+2"]
[EndTime "13:54:05 PDT"]
[Termination "AndrewMaco won on time"]

1. e4 c6 2. d4 d5 3. e5 Bf5 4. Nf3 e6 5. Be2 Ne7 6. O-O c5 7. Be3 Nec6 8. dxc5 Nd7 9. c4 dxc4 10. Nbd2 Bxc5 11. Nxc4 O-O 12. Bxc5 Nxc5 13. Rc1 Nd3 14. Rc3 Nf4 15. Nd6 Bg4 16. Re1 Nxe5 17. Nxb7 Nxe2+ 18. Qxe2 Bxf3 19. gxf3 Qg5+ 20. Kh1 Ng6 21. Rg1 Qh5 22.
Nc5 Rad8 23. Qe3 h6 24. Ne4 Rd7 25. Rc5 Qh3 26. f4 Qxe3 27. fxe3 Rd3 28. Re1 Rfd8 29. Rc2 Nh4 30. h3 Nf3 31. Rf1 Rxe3 32. Nc3 Nd4 33.
Rh2 Nf5 34. Kg1 Rg3+ 35. Kh1 a6 36. Re1 Rdd3 37. Ne4 Rxh3 38. Rxh3 Rxh3+ 39. Kg2 Rd3 40. Kf2 Rd4 41. Kf3 a5 42. Rc1 Rd3+ 43. Kf2 Rh3 44.
Rc8+ Kh7 45. Kg2 Re3 46. Nc3 h5 47. Rc5 h4 48. Rxa5 h3+ 49. Kh2 Kg6 50. Re5 Rd3 51. a4 Kh5 52. a5 Kg4 53. Re2 Nh4 54. a6 Nf3+ 55. Kh1 Rd6 56. a7 Ra6 57. Nd1 Rxa7 58. Nf2+ Kh4 0-1

[Event "*** Titled Tuesday Blitz"]
[Site "Chess.com"]
[Date "2019.07.02"]
[Round "4"]
[White "volcanoexplorer"]
[Black "benhal"]
[Result "0-1"]
[WhiteElo "2528"]
[BlackElo "2395"]
[TimeControl "180+2"]
[EndTime "13:54:11 PDT"]
[Termination "benhal won by resignation"]

1. e4 c5 2. Nf3 e6 3. d4 cxd4 4. Nxd4 Nc6 5. Nc3 Qc7 6. Be3 a6 7. Be2 b5 8. O-O Bb7 9. Nxc6 Bxc6 10. a3 Qb7 11. Bf3 Ne7 12. Bc5 Rc8 13. Re1 f5 14. b4 fxe4 15. Bxe4 Bxe4 16. Nxe4 Nf5 17. g4 Nh4 18. Bxf8 Kxf8 19. Qd6+ Kg8 20. Qg3 Ng6 21. Nd6 Qc7 22. Nxc8 Qxc8 23. h4 h5 24. g5 Ne7 25. Rad1 Nf5 26. Qf4 Kh7 27. g6+ Kxg6 28.
Qg5+ Kf7 29. Rd3 g6 30. Red1 d5 31. Qf4 Qxc2 32. Qe5 Rc8 33. Re1 Rc6 34. Rf3 Qc4 35.
Rf4 Qc3 36. Qe2 Kf6 37. Rf3 Qd4 38. Rh3 Qg4+ 39. Qxg4 hxg4 40. Rd3 Nxh4 41. Red1 Nf3+ 42. Kg2 Rc4 43. Kg3 g5 44. Rh1 Ne5 45. Rd2 Rc3+ 46. Kg2 Nf3 47. Re2 Nh4+ 48. Kf1 Rxa3 49. Rg1 Kf5 50.
Rg3 Nf3 51. Kg2 Ra1 52. Rxf3+ gxf3+ 53. Kxf3 Ra3+ 54. Kg2 Rb3 55. Ra2 Rxb4 56. Rxa6 g4 57. Ra8 Rf4 58. Rf8+ Ke5 59. Re8 b4 60. Rb8 Kd6 61. Kg3 Re4 62. Rb6+ Kc5 63. Rb8 Kc4 64. Rc8+ Kd3 65. Rb8 Kc2 66. Rc8+ Kb2 67. Rb8 b3 68. f3 gxf3 69. Kxf3 Kc2 70. Rc8+ Rc4 71. Rb8 b2 0-1

[Event "*** Titled Tuesday Blitz"]
[Site "Chess.com"]
[Date "2019.07.02"]
[Round "4"]
[White "SergeiAza"]
[Black "VladDobrov"]
[Result "1/2-1/2"]
[WhiteElo "2832"]
[BlackElo "2844"]
[TimeControl "180+2"]
[EndTime "13:54:13 PDT"]
[Termination "Game drawn - insufficient material"]

1. e4 c5 2. Nf3 Nc6 3. d4 cxd4 4.
Nxd4 Qb6 5. Nb3 Nf6 6. Nc3 e6 7. Bd3 a6 8. Be3 Qc7 9. f4 h5 10. Qf3 d6 11. O-O-O b5 12. Kb1 Bb7 13. f5 Ne5 14. Qh3 exf5 15. Qxf5 Be7 16. Nd4 g6 17. Qf4 Rc8 18. a3 Qb8 19. Bd2 d5 20. Nxd5 Nxd5 21. exd5 Nxd3 22. Qxb8 Rxb8 23. cxd3 Bxd5 24. Rhe1 Kd7 25. Nf3 Bxf3 26. gxf3 Bd6 27. h3 Rhe8 28. Re4 f5 29. Rd4 Re6 30. Bb4 Rb6 31. Rg1 Ke7 32. Rc1 Bxb4 33. axb4 Kf6 34. h4 Rbd6 35. Rxd6 Rxd6 36.
f4 Ke7 37. Rc7+ Kf8 38. Ra7 Rd4 39. Kc2 Rxb4 40. Rxa6 Kg7 41. Rb6 Rxf4 42. Rxb5 Rxh4 43. b4 Rg4 44. Rb7+ Kf6 45. b5 Ke6 46. Rh7 Kd6 47. b6 Rb4 48. b7 Kc6 49. Rg7 Rxb7 50. Rxg6+ Kd5 51. Rg5 Ke5 52. Rxh5 Kf4 53. Kc3 Rc7+ 54. Kd4 Rd7+ 55. Kc4 Kg4 56. Rh8 f4 57. Rg8+ Kf3 58. d4 Rf7 59. d5 Ke2 60. Re8+ Kd2 61. d6 f3 62. Ra8 f2 63. Ra1 Ke2 64. Kd5 Rg7 65.
Ra2+ Ke3 66. Rxf2 Kxf2 67. Kc6 Ke3 68. d7 Rxd7 69. Kxd7 1/2-1/2

[Event "*** Titled Tuesday Blitz"]
[Site "Chess.com"]
[Date "2019.07.02"]
[Round "4"]
[White "johnathan113"]
[Black "sergeikim"]
[Result "1/2-1/2"]
[WhiteElo "2682"]
[BlackElo "2486"]
[TimeControl "180+2"]
[EndTime "13:54:13 PDT"]
[Termination "Game drawn by agreement"]

1. e4 e5 2. Nf3 Nc6 3. d4 exd4 4. Nxd4 Bc5 5. Be3 Qf6 6. c3 Nge7 7. Bc4 d6 8. O-O a6 9. b4 Ba7 10. Na3 Ne5 11. Be2 h5 12. h3 Qg6 13. f4 Bxh3 14. Rf2 Ng4 15. Bxg4 Bxg4 16. f5 Qf6 17. Qd2 Nc6 18. Bg5 Bxd4 19. Bxf6 Bxf6 20. Nc4 O-O 21. Ne3 Bg5 22. Qe1 Bxe3 23. Qxe3 f6 24. c4 Rfe8 25. c5 d5 26. Qb3 Rad8 27. exd5 Nd4 28. Qc4 Re4 29. d6+ Kh7 30. dxc7 Rc8 31. Qd5 Ne2+ 32. Kh2 Re7 33. Re1 Rcxc7 34. Qd2 Red7 35. Rfxe2 Rxd2 36. Rxd2 Bxf5 37. Rde2 Rd7 38. Re7 Rd2 39. Rxb7 Rxa2 40. Ree7 h4 41. Rxg7+ Kh6 42. Rgf7 Kg5 43. Rg7+ Kf4 44. c6 Rc2 45. c7 h3 46. Kg1 hxg2 47. Rb6 Be4 48. Kh2 Rc1 49. Rxg2 Bxg2 50. Kxg2 Rxc7 51.
Rxf6+ Ke5 52. Rxa6 Kd4 53. Kf3 Rb7 54. b5 Rxb5 55.
Kf4 Kc4 1/2-1/2